 Seeded DCSS version 0.28-a0-724-g66f9036eb4 (webtiles) character file.

Game seed: 13619943984260783318 (custom seed)

197 flotson the Sneak (level 5, -2/42 HPs)
             Began as a Demonspawn Delver on Oct 27, 2021.
             Was an Initiate of Gozag.
             Killed by divine providence
             ... invoked by an orc priest
              (16 damage)
             ... on level 3 of the Dungeon.
             The game lasted 00:07:06 (3673 turns).

flotson the Sneak (Demonspawn Delver)               Turns: 3673, Time: 00:07:07

Health: -2/42      AC:  5    Str: 13    XL:     5   Next: 46%
Magic:  5/5        EV: 11    Int: 11    God:    Gozag
Gold:   108        SH:  5    Dex: 15    Spells: 4/4 levels left

rFire   . . .      SeeInvis .   a - +0 hand axe
rCold   . . .      Faith    .   (no shield)
rNeg    . . .      Spirit   .   e - +0 ring mail
rPois   .          Reflect  +   (no helmet)
rElec   .          Harm     .   (no cloak)
rCorr   .          Rampage  .   (no gloves)
Will    .....                   (no boots)
Stlth   ++........              p - amulet of reflection
HPRegen 0.14/turn               (no ring)
MPRegen 0.18/turn               (no ring)

@: gold aura
A: hooves 1, magic regeneration
a: Renounce Religion, Potion Petition, Call Merchant, Bribe Branch


You were on level 3 of the Dungeon.
You worshipped Gozag.
Gozag was aware of your devotion.
You visited 1 branch of the dungeon, and saw 5 of its levels.

You collected 186 gold pieces.
You paid 78 gold pieces to Gozag.

Inventory:

Hand Weapons
 a - a +0 hand axe (weapon)
Missiles
 o - 2 throwing nets
 r - a boomerang (quivered)
Armour
 e - a +0 ring mail (worn)
Jewellery
 h - an amulet of magic regeneration
 p - an amulet of reflection (around neck)
Wands
 g - a wand of digging (2)
Scrolls
 b - a scroll of acquirement {unknown}
 c - a scroll of fog
 d - 2 scrolls of magic mapping
 i - a scroll of fear
 j - a scroll of blinking {unknown}
 k - 3 scrolls of identify {unknown}
 l - a scroll of vulnerability {unknown}
 m - a scroll of enchant armour {unknown}
 n - a scroll of amnesia {unknown}
Potions
 f - a potion of haste
 q - a potion of might {unknown}


   Skills:
 + Level 3.9 Fighting
 + Level 2.9 Axes
 + Level 1.0 Throwing
 + Level 2.1 Armour
 + Level 2.9 Dodging
 - Level 4.5 Stealth


You had 4 spell levels left.
You didn't know any spells.
Your spell library contained the following spells:

 Spells                   Type           Power      Damage    Failure   Level
 Freeze                   Ice            0%         1d3       58%         1
 Frozen Ramparts          Ice            0%         1d2       92%         3
 Hailstorm                Conj/Ice       0%         3d3       100%        4


Dungeon Overview and Level Annotations

Branches:
Dungeon (5/15)
 Temple: D:4-7

Altars:
Ashenzari
Gozag

Annotations:
D:5 Dowan, Sigmund


Innate Abilities, Weirdness & Mutations

You have large cloven feet.
You regenerate magic rapidly.


Message History

You hit the orc.
The orc is heavily wounded.
The orc is distracted by your dazzling golden aura.
The orc shouts!
You hit the orc.
The orc is no longer distracted by gold.
The orc is severely wounded.
The orc closely misses you.
You hit the orc but do no damage.
The orc is severely wounded.
The orc hits you with a +0 hand axe.
You barely miss the orc.
The orc is severely wounded.
The orc hits you with a +0 hand axe.
You hit the orc but do no damage.
The orc is severely wounded.
You block the orc's attack.
You hit the orc.
You kill the orc!
It's broken and can't be closed.
It's broken and can't be closed.
An orc priest is nearby!
You hit the orc priest.
The orc priest is lightly wounded.
You block the orc priest's attack.
You barely miss the orc priest.
The orc priest is lightly wounded.
The orc priest looks braver for a moment.
You barely miss the orc priest.
The orc priest is lightly wounded.
The orc priest mumbles some strange prayers to Beogh against you.
Pain shoots through your body!
You are too injured to fight recklessly!
You are too injured to fight recklessly!
You hit the orc priest. Your kick misses the orc priest.
The orc priest is moderately wounded.
The orc priest invokes the aid of Beogh against you.
Beogh smites you!
You die...
Your body crumbles into a pile of gold.

#........#### ##.....
####......... ..#.......
#.....##.. .'..._..
..'.#...##.. #......
..#.#...##.. #.....
####.#...##.. .. ....
#....##.###.. .. ##o##
#............
.####.$@####..####.#####
....#...#...............
#......#..##.####.#####
##.##.#................
#.......####.###.#####
#...######.....).....#
##..# ##..###.###.#
####..#######..###)###.#
..#....................


You could see an orc priest.

Vanquished Creatures
  An orc priest (D:3)
  An iguana (D:4)
  An orc wizard (D:3)
  4 adders
  3 worms (D:2)
  4 dart slugs
  An orc (D:3)
  5 ball pythons
  2 bats (D:2)
  3 endoplasms
  2 giant cockroaches (D:1)
  7 hobgoblins
  7 jackals (D:1)
  8 kobolds
  3 quokkas (D:2)
  3 frilled lizards
  8 goblins
63 creatures vanquished.

Notes
Turn   | Place    | Note
-------+----------+-------------------------------------------
     0 | D:5      | flotson the Demonspawn Delver began the quest for the Orb.
     0 | D:5      | Reached XP level 1. HP: 18/18 MP: 1/1
     3 | D:5      | Noticed Dowan
    20 | D:5      | Noticed Sigmund
   267 | D:4      | Found an opulent altar of Gozag.
   363 | D:4      | Noticed an iguana
   492 | D:1      | Gained mutation: You regenerate magic rapidly. [demonic
                  | ancestry]
   492 | D:1      | Reached XP level 2. HP: 24/24 MP: 2/2
   524 | D:1      | Found a faded altar of an unknown god.
   932 | D:1      | Reached skill level 1 in Armour
  1003 | D:1      | Reached XP level 3. HP: 29/29 MP: 3/3
  1812 | D:2      | Gained mutation: You have large cloven feet. [demonic
                  | ancestry]
  1812 | D:2      | Reached XP level 4. HP: 7/35 MP: 4/4
  2457 | D:4      | Became a worshipper of Gozag Ym Sagoz the Greedy
  2534 | D:4      | Noticed an ogre
  2620 | D:3      | Reached XP level 5. HP: 18/42 MP: 5/5
  3650 | D:3      | Found a broken altar of Ashenzari.
  3663 | D:3      | Reached skill level 1 in Throwing
  3673 | D:3      | Killed from afar by an orc priest

Illustrated notes

Levels and vault maps discovered:
D:1:      dpeg_arrival_morbid_curiosity, layout_rooms,
          hellmonk_ecumenical_altar_pennies_from_heaven
D:2:      layout_basic, nrook_campfire, minmay_tetromino_s2
D:3:      layout_basic, evilmike_ruin_ashenzari,
          nicolae_ru_the_path_less_chosen, grunt_decor_mini_mirrors
D:4:      layout_basic, nicolae_overflow_hidden_temple, uniq_edmund
D:5:      cheibrodos_fertilizer, layout_rooms, uniq_sigmund, uniq_duvessa,
          uniq_eustachio, uniq_crazy_yiuf_cottage

Skill      XL: |  1  2  3  4  5 |
---------------+----------------+-----
Axes           | 2 |  2.9
Dodging        | 2 |  2.9
Armour         | 1 2 |  2.1
Throwing       | 1 |  1.0
Fighting       | |  3.9
Stealth        | |  4.5

Action                   |  1- 3 |  4- 6 || total
-------------------------+-------+-------++-------
Melee: Hand axe          |   140 |    90 ||   230
       Kick              |       |    23 ||    23
Throw: Boomerang         |       |     6 ||     6
Evoke: Wand              |     1 |       ||     1
  Use: Scroll            |     1 |       ||     1
       Potion            |     1 |     1 ||     2
 Stab: Sleeping          |     2 |     1 ||     3
       Distracted        |       |     1 ||     1
Armor: Leather armour    |     5 |       ||     5
       Ring mail         |    71 |    16 ||    87
Dodge: Dodged            |   126 |    38 ||   164
Block: Other             |    16 |     7 ||    23
       Reflection        |     1 |       ||     1

Table legend: (Time is in decaauts)
 A = Elapsed time spent in this place.
 B = Non-inter-level travel time spent in this place.
 C = Inter-level travel time spent in this place.
 D = Time resting spent in this place.
 E = Time spent auto-exploring this place.
 F = Levels seen in this place.
 G = Mean time per level.
                   A        B        C        D        E       F      G
               +--------+--------+--------+--------+--------+-----+--------+
         Total |   3734 |   3504 |    230 |     53 |   2637 |   5 |  746.8 |
       Dungeon |   3734 |   3504 |    230 |     53 |   2637 |   5 |  746.8 |
               +--------+--------+--------+--------+--------+-----+--------+

Top non-repeatable levels by time:
     D:2: 1618 daAuts
     D:1: 921 daAuts
     D:3: 637 daAuts
     D:4: 461 daAuts
     D:5: 96 daAuts
